Map: Magma Mines

Players

Night

  • Race: Protoss Protoss
  • League: Master
  • Spawn Location: 11:00

CatZ - Winner!

  • Race: Zerg Zerg
  • League: Grandmaster
  • Spawn Location: 1:00

Kelazhur - Winner!

  • Race: Terran Terran
  • League: Grandmaster
  • Spawn Location: 3:00

Lillekanin

  • Race: Terran Terran
  • Spawn Location: 9:00

VOD

Have the link to the VOD?

Description

Time

  • Played on: Aug. 23, 2016, 4:15 p.m.
  • Length: 15:18
Show
View Real Time Build Order
Export as new Build Order

Night Protoss 

Build Orders: Cannon Rush 

Get SALT Encoding   

  12  0:00  Probe (Chrono Boost)  
  13  0:11  Probe (Chrono Boost)  
  14  0:19  Pylon  
  14  0:22  Probe (Chrono Boost)  
  15  0:37  Probe (Chrono Boost)  
  15  0:41  Forge  
  16  0:47  Probe (Chrono Boost)  
  17  0:53  Pylon  
  17  1:00  Pylon  
  17  1:14  Photon Cannon  
  17  1:19  Photon Cannon  
  17  1:28  Probe (Chrono Boost)  
  17  1:32  Photon Cannon  
  18  1:41  Probe (Chrono Boost)  
  19  1:47  Gateway  
  19  1:53  Probe (Chrono Boost)  
  20  2:06  Probe (Chrono Boost)  
  21  2:19  Nexus  
  21  2:22  Probe (Chrono Boost)  
  22  2:33  Assimilator  
  22  2:37  Cybernetics Core  
  22  2:41  Assimilator  
  22  2:46  Pylon  
  22  2:50  Probe (Chrono Boost)  
  23  3:00  Probe (Chrono Boost)  
  24  3:11  Probe (Chrono Boost)  
  25  3:21  Probe (Chrono Boost)  
  26  3:28  Assimilator  
  26  3:32  Probe (Chrono Boost)  
  26  3:33  Probe (Chrono Boost)  
  28  3:40  Photon Cannon  
  28  3:43  Assimilator, Mothership Core (Chrono Boost)  
  28  3:44  Probe (Chrono Boost)  
  31  3:53  Stargate  
  31  3:54  Probe (Chrono Boost)  
  32  4:01  Probe (Chrono Boost)  
  33  4:06  Probe (Chrono Boost)  
  34  4:10  Pylon  
  34  4:11  Probe (Chrono Boost)  
  34  4:15  Stargate  
  36  4:17  Probe (Chrono Boost)  
  36  4:22  Probe (Chrono Boost)  
  37  4:27  Probe (Chrono Boost)  
  38  4:32  Probe (Chrono Boost)  
  38  4:36  Probe (Chrono Boost), Phoenix (Chrono Boost)  
  40  4:44  Probe  
  39  4:47  Probe  
  38  4:56  Probe  
  38  4:58  Phoenix (Chrono Boost)  
  38  5:09  Phoenix (Chrono Boost)  
  37  5:15  Probe  
  37  5:17  Probe  
  39  5:26  Probe (Chrono Boost), Pylon  
  40  5:29  Probe (Chrono Boost)  
  41  5:37  Phoenix (Chrono Boost)  
  41  5:38  Probe (Chrono Boost)  
  41  5:41  Probe (Chrono Boost)  
  45  5:46  Phoenix  
  45  5:49  Probe (Chrono Boost)  
  48  5:51  Probe (Chrono Boost)  
  49  5:59  Probe (Chrono Boost)  
  49  6:01  Phoenix  
  49  6:02  Probe (Chrono Boost)  
  53  6:10  Probe (Chrono Boost)  
  53  6:11  Phoenix  
  56  6:16  Probe (Chrono Boost)  
  57  6:20  Probe (Chrono Boost)  
  58  6:26  Probe (Chrono Boost), Phoenix  
  58  6:31  Probe (Chrono Boost)  
  62  6:44  Pylon  
  62  6:46  Pylon  
  62  6:53  Phoenix (Chrono Boost)  
  62  7:01  Phoenix (Chrono Boost)  
  62  7:06  Nexus  
  58  7:18  Phoenix (Chrono Boost)  
  60  7:25  Pylon  
  60  7:26  Phoenix (Chrono Boost)  
  60  7:28  Probe x2  
  60  7:29  Pylon  
  64  7:31  Forge  
  64  7:32  Pylon  
  64  7:36  Fleet Beacon  
  64  7:40  Phoenix (Chrono Boost)  
  64  7:41  Probe x2  
  68  7:49  Assimilator, Phoenix (Chrono Boost)  
  70  7:53  Assimilator, Probe  
  69  8:11  Probe x2  
  71  8:15  Photon Cannon  
  71  8:19  Anion Pulse-Crystals (Chrono Boost)  
  71  8:20  Tempest (Chrono Boost)  
  71  8:21  Tempest (Chrono Boost)  
  71  8:23  Probe  
  80  8:28  Probe, Photon Cannon  
  80  8:31  Probe  
  82  8:35  Probe  
  82  8:40  Probe  
  84  8:41  Twilight Council, Warp Gate  
  84  8:48  Probe  
  85  8:54  Tempest (Chrono Boost)  
  85  8:57  Probe  
  85  8:58  Probe  
  89  9:10  Tempest  
  89  9:16  Probe x2  
  95  9:17  Photon Cannon  
  95  9:29  Nexus, Templar Archives  
  95  9:38  Tempest  
  96  10:08  Tempest  
  96  10:11  Psionic Storm  
  100  10:14  Gateway  
  100  10:15  Tempest  
  100  10:16  Gateway x2  
  100  10:19  Pylon  
  104  10:34  Photon Cannon  
  104  10:36  Pylon  
  104  10:52  Tempest  
  104  10:57  Tempest  
  108  11:35  Nexus, Tempest  
  108  11:39  Tempest  
  115  12:00  High Templar x2, Pylon x2  
  119  12:03  Pylon  
  119  12:05  Pylon  
  119  12:08  Pylon  
  119  12:11  Assimilator  
  119  12:14  Assimilator  
  119  12:17  Pylon  
  125  12:22  Photon Cannon  
  125  12:24  Photon Cannon  
  125  12:26  Photon Cannon  
  112  12:50  High Templar  
  112  12:51  High Templar x2  
  68  13:04  Adept  
  68  13:05  Tempest (Chrono Boost)  
  50  13:15  Probe (Chrono Boost)  
  50  13:16  Probe (Chrono Boost)  
  50  13:17  Probe x2 (Chrono Boost)  
  54  13:27  Probe x2 (Chrono Boost)  
Show
View Real Time Build Order
Export as new Build Order

CatZ Zerg - Winner!

Build Orders: Hatch First, Ravager All-In 

Get SALT Encoding   

  12  0:00  Drone  
  13  0:08  Drone  
  14  0:20  Extractor, Drone  
  14  0:22  Extractor, Drone  
  16  0:44  Hatchery  
  15  0:51  Overlord  
  15  1:05  Spawning Pool  
  15  1:07  Extractor  
  15  1:10  Drone  
  14  1:13  Drone  
  14  1:18  Drone  
  16  1:25  Drone  
  17  1:32  Drone  
  18  1:46  Drone  
  19  1:53  Roach Warren  
  18  1:54  Drone  
  18  1:56  Drone  
  18  2:00  Extractor  
  19  2:06  Queen  
  21  2:15  Overlord  
  21  2:33  Roach x3  
  29  2:38  Queen  
  29  2:39  Drone x2  
  31  2:47  Drone  
  32  2:55  Ravager  
  32  2:57  Ravager  
  34  2:59  Drone x2  
  34  3:04  Overlord  
  36  3:22  Overlord  
  36  3:25  Ravager, Drone x4  
  41  3:33  Roach, Overlord  
  43  3:52  Roach x3  
  49  3:55  Overlord  
  49  4:01  Queen x2  
  53  4:03  Drone x2  
  53  4:05  Extractor x2  
  53  4:13  Drone  
  54  4:26  Drone x3  
  54  4:27  Ravager x2, Drone  
  54  4:28  Ravager  
  61  4:33  Overlord, Drone x2  
  61  4:36  Queen  
  65  4:38  Overlord  
  65  4:42  Lair  
  65  4:45  Drone x3  
  68  4:51  Overlord  
  68  5:02  Drone x3  
  71  5:07  Hatchery  
  67  5:18  Drone  
  67  5:19  Drone x7  
  75  5:42  Hydralisk Den  
  74  5:44  Overlord  
  74  5:50  Metabolic Boost  
  74  5:52  Glial Reconstitution  
  74  5:56  Drone x3  
  74  5:57  Drone  
  75  6:14  Roach  
  75  6:15  Roach x4  
  75  6:17  Zergling x10  
  81  6:28  Drone x5  
  81  6:31  Drone  
  87  6:36  Muscular Augments  
  87  6:45  Hydralisk x5  
  97  6:50  Hatchery  
  97  6:51  Spore Crawler  
  94  6:56  Zergling x8  
  94  7:14  Hydralisk  
  96  7:15  Overlord  
  96  7:16  Overlord x4  
  96  7:26  Overlord, Drone  
  97  7:31  Overlord  
  97  7:35  Hydralisk x3  
  97  7:36  Hydralisk x5  
  113  7:38  Infestation Pit  
  113  7:43  Drone  
  113  7:44  Drone x3  
  116  7:48  Drone x3  
  116  7:51  Extractor, Drone  
  120  7:52  Extractor  
  120  7:53  Drone x2  
  120  8:03  Drone  
  120  8:04  Drone x2  
  122  8:07  Overlord  
  122  8:10  Drone x4  
  122  8:11  Drone  
  122  8:12  Spore Crawler  
  126  8:13  Hydralisk  
  128  8:22  Hydralisk x4  
  128  8:26  Drone x2  
  128  8:27  Drone x2  
  140  8:36  Extractor  
  140  8:38  Hydralisk x4  
  140  8:39  Extractor  
  146  8:45  Zergling x12  
  146  8:46  Zergling x2  
  153  8:50  Drone x4  
  157  9:19  Hatchery  
  157  9:23  Overlord  
  149  9:28  Overlord  
  149  9:30  Drone x2  
  149  9:31  Drone  
  150  9:45  Overlord x3  
  150  9:46  Hive  
  150  9:47  Hydralisk x9  
  150  9:50  Drone  
  161  10:06  Burrow  
  147  10:14  Hatchery  
  146  10:15  Overseer  
  146  10:17  Nydus Network  
  145  10:24  Hydralisk x11  
  167  10:33  Drone x2  
  167  10:34  Drone x4  
  172  10:41  Drone x2  
  170  10:57  Viper x7  
  191  11:11  Evolution Chamber  
  190  11:12  Evolution Chamber  
  185  11:21  Hydralisk x3  
  185  11:23  Overlord  
  191  11:26  Overlord  
  191  11:46  Evolution Chamber  
  189  11:49  Evolution Chamber  
  189  11:52  Extractor, Viper x4  
  189  11:53  Extractor  
  198  12:14  Nydus Canal  
  198  12:18  Extractor x2  
  196  12:29  Evolution Chamber  
  195  12:32  Evolution Chamber  
  195  12:34  Evolution Chamber  
  195  12:35  Evolution Chamber  
  186  12:37  Evolution Chamber  
  174  12:50  Evolution Chamber  
  161  12:55  Spine Crawler x2  
  149  12:59  Spine Crawler  
  149  13:01  Hydralisk x5  
  149  13:02  Hydralisk x8  
  159  13:06  Nydus Canal  
  149  13:19  Drone x2  
  145  13:22  Drone  
  145  13:23  Drone x5  
  134  13:41  Drone x9  
Show
View Real Time Build Order
Export as new Build Order

Kelazhur Terran - Winner!

Build Orders: Banshee Rush 

Get SALT Encoding   

  12  0:00  SCV  
  13  0:12  SCV  
  14  0:17  Supply Depot  
  14  0:24  SCV  
  15  0:28  Refinery  
  15  0:39  SCV  
  16  0:45  Barracks  
  16  0:51  SCV  
  16  0:56  Refinery  
  17  1:03  SCV  
  18  1:07  Supply Depot  
  18  1:15  SCV  
  19  1:27  SCV  
  20  1:33  Bunker, Marine  
  21  1:40  Factory  
  21  1:49  Orbital Command  
  21  1:53  Marine  
  21  2:06  Supply Depot  
  21  2:29  Hellion  
  20  2:33  Starport, SCV  
  20  2:36  Marine  
  20  2:45  SCV  
  20  2:58  SCV  
  20  3:00  Factory Tech Lab  
  20  3:10  SCV  
  20  3:24  SCV  
  20  3:26  Banshee  
  24  3:29  Cloaking Field  
  24  3:36  SCV  
  24  3:40  Refinery  
  25  3:41  Marine  
  26  3:50  Supply Depot  
  26  3:57  SCV  
  26  3:59  Marine  
  28  4:09  SCV  
  29  4:12  Supply Depot  
  29  4:13  Factory Tech Lab  
  32  4:17  Viking  
  32  4:21  Barracks Reactor, SCV  
  32  4:33  SCV  
  33  4:46  SCV  
  34  4:58  SCV  
  34  4:59  Marine x2  
  37  5:00  Cyclone  
  41  5:10  SCV  
  41  5:11  Banshee  
  42  5:17  Command Center  
  42  5:21  Marine  
  42  5:22  Marine  
  42  5:24  SCV  
  42  5:27  Supply Depot  
  45  5:35  Cyclone  
  47  5:48  Starport, Marine x2  
  49  5:53  Starport  
  49  5:55  SCV  
  50  6:07  SCV  
  50  6:10  Cyclone  
  55  6:12  Liberator x2  
  55  6:24  SCV, Barracks Reactor  
  53  6:30  Orbital Command  
  59  6:36  SCV  
  60  6:45  Engineering Bay  
  60  6:47  Liberator  
  60  6:51  SCV  
  57  6:54  Refinery  
  57  6:55  Refinery  
  57  6:59  Liberator  
  57  7:00  SCV  
  56  7:06  SCV  
  60  7:12  SCV  
  57  7:18  SCV  
  61  7:24  SCV  
  61  7:29  Liberator  
  62  7:30  SCV  
  62  7:36  SCV  
  64  7:42  SCV  
  64  7:43  Supply Depot  
  65  7:45  Supply Depot  
  65  7:47  Liberator  
  65  7:48  SCV  
  65  7:49  Liberator  
  69  7:54  SCV, Missile Turret  
  69  7:56  Missile Turret  
  70  8:05  SCV  
  74  8:07  SCV  
  74  8:08  Liberator  
  74  8:11  Supply Depot  
  78  8:13  Armory  
  78  8:17  SCV  
  79  8:23  SCV  
  83  8:28  Liberator  
  83  8:29  SCV  
  83  8:32  Hellion  
  83  8:33  Hellion  
  88  8:34  Supply Depot  
  88  8:38  Liberator, SCV  
  88  8:40  Supply Depot  
  91  8:52  Command Center  
  93  9:02  Liberator x2  
  93  9:20  Hellion  
  93  9:21  SCV x2, Hellion  
  93  9:24  Liberator  
  105  9:25  Supply Depot  
  105  9:27  Supply Depot  
  105  9:37  SCV  
  105  9:44  SCV  
  109  9:51  SCV  
  110  9:56  SCV  
  111  10:01  Hellion x2  
  111  10:02  Terran Ship Weapons Level 1  
  111  10:06  Liberator  
  114  10:11  Liberator, SCV x2, Fusion Core  
  114  10:13  Refinery  
  116  10:15  Orbital Command, Missile Turret x2  
  116  10:22  Hellion  
  116  10:23  Hellion  
  126  10:30  Liberator  
  127  10:50  Refinery  
  127  10:52  Liberator  
  127  10:56  Supply Depot  
  127  10:58  Supply Depot  
  127  10:59  Hellion  
  127  11:00  Command Center  
  127  11:01  Armory  
  127  11:03  Liberator, Hellion  
  138  11:26  Supply Depot, SCV x3  
  138  11:35  Advanced Ballistics  
  138  11:37  Supply Depot  
  138  11:38  SCV  
  142  11:51  Raven x2  
  140  11:55  Viking  
  140  11:56  Hellion x2  
  146  12:03  Viking  
  146  12:05  Terran Vehicle And Ship Armor Level 1, Supply Depot  
  148  12:16  Corvid Reactor  
  148  12:19  Orbital Command  
  148  12:20  Refinery  
  148  12:21  Missile Turret  
  148  12:24  Hellion x2  
  148  12:26  Supply Depot  
  148  12:29  Terran Ship Weapons Level 2  
  152  12:54  Viking x4  
  148  13:15  Refinery  
  148  13:17  SCV x4  
  148  13:19  Starport  
  152  13:21  Starport  
  152  13:24  Viking x3  
  158  13:28  Viking  
  150  13:48  Hellion x2  
  154  13:54  Viking, Raven  
  154  13:58  Raven  
Show
View Real Time Build Order
Export as new Build Order

Lillekanin Terran 

Build Orders: Mech 

Get SALT Encoding   

  12  0:00  SCV  
  13  0:13  SCV  
  14  0:18  Supply Depot  
  14  0:25  SCV  
  15  0:40  SCV  
  16  0:45  Barracks  
  16  0:48  Refinery  
  16  0:53  SCV  
  17  0:59  Refinery  
  17  1:05  SCV  
  18  1:20  SCV  
  19  1:34  Orbital Command  
  19  1:37  Factory  
  19  1:42  Supply Depot  
  19  1:47  Reaper  
  20  2:00  SCV  
  21  2:10  Supply Depot  
  21  2:12  SCV  
  22  2:34  Factory Tech Lab  
  22  2:35  Starport  
  22  2:45  SCV  
  23  2:54  Siege Tank  
  23  2:57  SCV  
  26  3:07  Command Center  
  26  3:17  Medivac  
  29  3:20  Supply Depot  
  29  3:33  Siege Tank  
  31  3:40  Barracks  
  31  3:41  SCV  
  31  3:48  Medivac  
  34  3:53  SCV  
  35  4:05  SCV  
  36  4:11  Siege Tank  
  39  4:18  SCV  
  39  4:23  Supply Depot  
  42  4:30  Orbital Command  
  42  4:32  SCV  
  43  4:43  Cyclone  
  43  4:44  Viking  
  47  4:47  SCV  
  48  5:00  SCV  
  49  5:12  SCV  
  50  5:20  Starport Reactor  
  50  5:22  Engineering Bay  
  50  5:26  SCV  
  51  5:29  Barracks Reactor  
  51  5:32  Factory x2  
  51  5:34  Orbital Command  
  51  5:48  SCV  
  52  5:50  Armory  
  52  5:57  Missile Turret  
  52  6:00  SCV  
  52  6:04  Medivac  
  55  6:06  Missile Turret  
  55  6:12  SCV x2  
  55  6:16  Refinery  
  57  6:18  Refinery  
  57  6:24  SCV x2  
  59  6:28  Factory Tech Lab  
  59  6:36  SCV x2  
  61  6:45  Siege Tank  
  64  6:48  SCV x2  
  64  6:51  Command Center  
  66  7:00  SCV  
  66  7:01  SCV  
  68  7:05  Supply Depot  
  68  7:06  Siege Tank  
  69  7:11  Hellion  
  69  7:14  Medivac x2  
  72  7:16  SCV  
  73  7:26  Siege Tank  
  76  7:36  SCV  
  77  7:38  Siege Tank  
  77  7:43  Terran Vehicle Weapons Level 1  
  80  7:45  Missile Turret  
  80  7:46  Missile Turret  
  80  7:49  Hellion x2  
  84  7:51  Factory  
  84  7:59  SCV x2  
  86  8:08  Infernal Pre-Igniter  
  86  8:11  SCV  
  87  8:19  Hellion x2  
  91  8:21  Missile Turret  
  91  8:22  Missile Turret  
  94  8:34  Siege Tank  
  94  8:38  Factory  
  94  8:41  Factory Tech Lab  
  94  8:43  Hellion  
  94  8:44  Hellion  
  94  8:47  Planetary Fortress  
  98  8:49  SCV  
  99  8:57  Viking  
  99  8:59  Viking  
  103  9:05  SCV x2  
  103  9:06  Refinery x2  
  106  9:17  SCV  
  106  9:19  Siege Tank  
  106  9:20  Hellion  
  106  9:22  Hellion  
  109  9:26  SCV  
  106  9:32  Siege Tank  
  109  9:39  Hellion  
  109  9:45  Supply Depot  
  109  9:46  Command Center  
  109  9:47  Supply Depot  
  109  9:48  Supply Depot  
  109  9:50  Supply Depot  
  109  9:51  Hellion  
  109  10:06  Viking x2, SCV x2  
  117  10:07  Hellion  
  117  10:09  SCV  
  117  10:12  Terran Vehicle Weapons Level 2  
  120  10:15  Armory  
  120  10:17  Factory Tech Lab  
  120  10:19  SCV x2  
  120  10:21  SCV  
  121  10:28  Siege Tank, Hellion  
  126  10:31  SCV  
  127  10:39  Starport  
  127  10:40  Starport  
  127  10:45  Siege Tank  
  127  10:46  Hellion  
  130  10:52  Siege Tank x2  
  131  11:06  Starport  
  131  11:09  Missile Turret x2  
  130  11:12  Sensor Tower  
  130  11:21  Starport Tech Lab x2  
  130  11:23  Viking x2  
  134  11:30  Sensor Tower  
  134  11:32  Terran Vehicle And Ship Armor Level 1  
  134  11:37  Missile Turret x2  
  134  11:40  Missile Turret  
  134  11:44  Missile Turret  
  134  11:47  Missile Turret  
  134  11:54  Command Center  
  134  11:58  Corvid Reactor  
  134  12:01  Starport Tech Lab, Explosive Shrapnel Shells  
  134  12:04  Raven x2  
  134  12:05  Hellion x2  
  134  12:06  Hellion  
  144  12:16  Missile Turret  
  144  12:17  Missile Turret  
  144  12:18  SCV  
  145  12:26  Hellion x6  
  144  12:42  Siege Tank x2  
  150  12:46  Raven  
  150  12:51  SCV  
  141  12:53  Hellion x2  
  141  12:58  Siege Tank, Hellion  
  123  13:14  Siege Tank, Hellion x2  
  123  13:17  Viking x4  
  138  13:29  Viking  
  125  13:47  Viking  
Tags
 
Add a new tag
Caveats
  • Supply blocks, unpowered buildings, or Contaminate may cause inaccurate times.
  • Supply counts are checked every 10 seconds.